 Dungeon Crawl Stone Soup version 0.23-a0-296-ga3b1b28ecf (webtiles) character file.

656871 flinch the Phalangite (level 27, -15/230 HPs)
             Began as a Demonspawn Fighter on Sept 28, 2018.
             Was the Champion of Yredelemnul.
             Killed from afar by an Ice Fiend (16 damage)
             ... with a bolt of cold
             ... summoned by Dispater
             ... on level 7 of the Iron City of Dis on Oct 5, 2018.
             The game lasted 04:46:16 (69231 turns).

flinch the Phalangite (Demonspawn Fighter)         Turns: 69231, Time: 04:46:16

Health: -15/230    AC: 30    Str: 24 (25) XL:     27
Magic:  0/42       EV: 14    Int: 18      God:    Yredelemnul [******]
Gold:   6791       SH: 14    Dex: 14      Spells: 33/39 levels left

rFire    + + .     SeeInvis .   a - +9 demon trident (elec)
rCold    + + .     Gourm    .   L - +0 shield {AC+3}
rNeg     + + .     Faith    .   W - +1 gold dragon scales of the Devil {rElec rPois rF+ rC+ rN+ Int+3}
rPois    +         Spirit   +   N - +0 helmet
rElec    +         Reflect  .   H - scarf {rC+ rF+}
rCorr    .         Harm     .   o - +0 pair of gloves of Sif Muna's Generosity {Slay+5 Stlth+}
MR       ++...                  (boots unavailable)
Stlth    ..........             Q - amulet of Vitality {Regen+ HP+15}
HPRegen  0.88/turn              x - ring of magical power
MPRegen  0.56/turn              T - ring of Symmetry {rPois rN+ Str+2}

@: berserk cooldown, slowed, studying Maces & Flails, repel missiles, very slow
A: hooves 3, repulsion field 3, blink, deterioration 1, foul stench 2, low mp 1,
augmentation 3, magic shield, magic regeneration, magic link, rot immunity,
MP-powered wands
}: 3/15 runes: decaying, silver, gossamer
a: Blink, Recall Undead Slaves, Injury Mirror, Animate Dead, Drain Life, Enslave
Soul, Renounce Religion


You were on level 7 of the Iron City of Dis.
You worshipped Yredelemnul.
Yredelemnul was exalted by your worship.
You were not hungry.

You visited 14 branches of the dungeon, and saw 58 of its levels.
You visited the Abyss 1 time.
You also visited: Bailey, Ice Cave and Volcano.

You collected 9711 gold pieces.
You spent 2920 gold pieces at shops.

Inventory:

Hand Weapons
 a - a +9 demon trident of electrocution (weapon)
 U - a +4 hunting sling
Missiles
 s - 292 sling bullets
Armour
 o - the +0 pair of gloves of Sif Muna's Generosity (worn) {Slay+5 Stlth+}
   (You bought it in a shop on level 15 of the Dungeon)

   It affects your accuracy and damage with ranged weapons and melee attacks
   (+5).
   It makes you more stealthy.
 H - a scarf of resistance (worn)
 L - a +0 shield of protection (worn)
 N - a +0 helmet (worn)
 W - the +1 gold dragon scales of the Devil (worn) {rElec rPois rF+ rC+ rN+ Int+3}
   (You found it in a bailey)

   It affects your intelligence (+3).
   It protects you from fire.
   It protects you from cold.
   It insulates you from electricity.
   It protects you from poison.
   It protects you from negative energy.
Jewellery
 t - an uncursed ring of see invisible
 x - a ring of magical power (left hand)
 F - a +3 amulet of reflection
 K - the ring of Ciudeumerr {rF+ Dex+3}
   (You found it on level 2 of the Lair of Beasts)

   [ring of protection from fire]

   It affects your dexterity (+3).
   It protects you from fire.
 Q - the amulet of Vitality (around neck) {Regen+ HP+15}
   (You found it on level 3 of the Elven Halls)

   [amulet of regeneration]

   It affects your health (+15).
   It increases your rate of regeneration.
 T - the ring of Symmetry (right hand) {rPois rN+ Str+2}
   (You found it on level 3 of the Crypt)

   [ring of positive energy]

   It affects your strength (+2).
   It protects you from poison.
   It protects you from negative energy.
Wands
 y - a wand of digging (51)
 z - a wand of acid (34)
 D - a wand of paralysis (15)
 E - a wand of iceblast (31)
 M - a wand of enslavement (17)
 R - a wand of scattershot (5)
 Y - a wand of clouds (8)
Scrolls
 b - a scroll of summoning
 g - 12 scrolls of fear
 h - 28 scrolls of remove curse
 i - 8 scrolls of identify
 l - 33 scrolls of teleportation
 n - 2 scrolls of magic mapping
 r - a scroll of enchant weapon
 u - 9 scrolls of fog
 A - 13 scrolls of blinking
 C - 2 scrolls of enchant armour
 I - 3 scrolls of silence
Potions
 c - 2 potions of magic
 d - 7 potions of might
 k - 6 potions of flight
 m - 17 potions of heal wounds
 p - 6 potions of resistance
 B - 17 potions of curing
 G - 4 potions of haste
 O - 5 potions of agility
 S - 6 potions of ambrosia
Books
 e - a manual of Maces & Flails
Miscellaneous
 j - 3 phantom mirrors
 q - the horn of Geryon
 J - 3 boxes of beasts
 P - a fan of gales
 V - a lamp of fire
 X - a phial of floods
Comestibles
 f - 43 rations


   Skills:
 + Level 17.6 Fighting
 + Level 24.2 Polearms
 - Level 2.1(3.2) Slings
 - Level 3.6(4.0) Throwing
 + Level 19.9 Armour
 - Level 8.0 Dodging
 - Level 5.0 Stealth
 - Level 15.5 Shields
 - Level 6.7 Spellcasting
 - Level 5.1 Necromancy
 - Level 4.0 Translocations
 + Level 19.8 Invocations
 - Level 10.0 Evocations


You had 33 spell levels left.
You knew the following spells:

 Your Spells              Type           Power        Failure   Level  Hunger
a - Blink                 Tloc           N/A          50%         2    None
b - Regeneration          Chrm/Necr      ###.......   90%         3    ##.....
z - Apportation           Tloc           ###...       36%         1    None

Your spell library contained the following spells:

 Spells                   Type           Power        Failure   Level  Hunger
 Animate Skeleton         Necr           N/A          24%         1    None
 Corpse Rot               Necr           N/A          34%         2    None
 Sublimation of Blood     Necr           ###.......   34%         2    None
 Gell's Gravitas          Tloc           ###.......   73%         3    ##.....
 Shroud of Golubria       Chrm/Tloc      ##........   77%         2    None
 Beastly Appendage        Tmut           #.....       88%         1    None
 Confusing Touch          Hex            #.....       88%         1    None
 Corona                   Hex            #......      88%         1    None
 Infusion                 Chrm           #...         88%         1    None
 Magic Dart               Conj           #...         88%         1    None
 Sandblast                Erth           #.....       88%         1    None
 Shock                    Conj/Air       #...         88%         1    None
 Sting                    Conj/Pois      #...         88%         1    None
 Summon Small Mammal      Summ           #...         88%         1    None
 Portal Projectile        Hex/Tloc       ##....       94%         3    ##.....
 Recall                   Summ/Tloc      N/A          94%         3    ##.....
 Call Imp                 Summ           #.......     96%         2    None
 Ensorcelled Hibernation  Hex/Ice        #.....       96%         2    None
 Passwall                 Tmut/Erth      #.......     96%         2    None
 Poisonous Vapours        Pois/Air       #.....       96%         2    None
 Searing Ray              Conj           #.....       96%         2    None
 Slow                     Hex            #.......     96%         2    None
 Song of Slaying          Chrm           #.......     96%         2    None
 Sticks to Snakes         Tmut           #.......     96%         2    None
 Swiftness                Chrm/Air       #.......     96%         2    None
 Throw Frost              Conj/Ice       #.....       96%         2    None
 Confuse                  Hex            #.......     99%         3    ##.....
 Conjure Flame            Conj/Fire      #.......     99%         3    ##.....
 Dazzling Spray           Conj/Hex       #.....       99%         3    ##.....
 Ignite Poison            Fire/Tmut/Pois #.......     99%         3    ##.....
 Inner Flame              Hex/Fire       #.......     99%         3    ##.....
 Mephitic Cloud           Conj/Pois/Air  #.......     99%         3    ##.....
 Spectral Weapon          Hex/Chrm       #.......     99%         3    ##.....
 Spider Form              Tmut/Pois      #.........   99%         3    ##.....
 Static Discharge         Conj/Air       #.......     99%         3    ##.....
 Stone Arrow              Conj/Erth      #.....       99%         3    ##.....
 Tukima's Dance           Hex            #.......     99%         3    ##.....
 Airstrike                Air            #.........   100%        4    ####...
 Cause Fear               Hex            #.........   100%        4    ####...
 Force Lance              Conj/Tloc      ##......     100%        4    ####...
 Fulminant Prism          Conj/Hex       #.........   100%        4    ####...
 Ice Form                 Ice/Tmut       #.......     100%        4    ####...
 Iskenderun's Mystic Bla  Conj           #.......     100%        4    ####...
 Leda's Liquefaction      Hex/Erth       #.........   100%        4    ####...
 Olgreb's Toxic Radiance  Pois           #.......     100%        4    ####...
 Petrify                  Tmut/Erth      #.......     100%        4    ####...
 Agony                    Necr           ###.....     100%        5    #####..
 Aura of Abjuration       Summ           #.........   100%        5    #####..
 Blade Hands              Tmut           #.........   100%        5    #####..
 Bolt of Draining         Conj/Necr      ###.......   100%        5    #####..
 Dispel Undead            Necr           ###.....     100%        5    #####..
 Excruciating Wounds      Chrm/Necr      ###.......   100%        5    #####..
 Fireball                 Conj/Fire      #.........   100%        5    #####..
 Irradiate                Conj/Tmut      #.........   100%        5    #####..
 Lee's Rapid Deconstruct  Erth           #.........   100%        5    #####..
 Lightning Bolt           Conj/Air       #.........   100%        5    #####..
 Metabolic Englaciation   Hex/Ice        #.........   100%        5    #####..
 Silence                  Hex/Air        #.........   100%        5    #####..
 Summon Demon             Summ           #.........   100%        5    #####..
 Summon Forest            Summ/Tloc      ##........   100%        5    #####..
 Summon Mana Viper        Hex/Summ       #.......     100%        5    #####..
 Yara's Violent Unravell  Hex/Tmut       #.........   100%        5    #####..
 Bolt of Cold             Conj/Ice       #.........   100%        6    #######
 Bolt of Fire             Conj/Fire      #.........   100%        6    #######
 Deflect Missiles         Chrm/Air       #.........   100%        6    #######
 Dispersal                Tloc           ###.......   100%        6    #######
 Hydra Form               Tmut           #.........   100%        6    #######
 Ozocubu's Refrigeration  Ice            #.........   100%        6    #######
 Shadow Creatures         Summ           N/A          100%        6    #######
 Statue Form              Tmut/Erth      #........    100%        6    #######
 Dragon Form              Tmut           #.........   100%        7    #######
 Malign Gateway           Summ/Tloc      ##........   100%        7    #######
 Monstrous Menagerie      Summ           #.........   100%        7    #######
 Ring of Flames           Chrm/Fire      #.........   100%        7    #######
 Summon Greater Demon     Summ           #.........   100%        7    #######
 Summon Hydra             Summ           #.........   100%        7    #######
 Controlled Blink         Tloc           N/A          100%        8    #######
 Discord                  Hex            #.........   100%        8    #######
 Disjunction              Tloc           ###.......   100%        8    #######
 Ignition                 Fire           #.........   100%        8    #######
 Summon Horrible Things   Summ           #.........   100%        8    #######
 Shatter                  Erth           #.........   100%        9    #######
 Tornado                  Air            #.........   100%        9    #######


Dungeon Overview and Level Annotations

Branches:
Dungeon (15/15)            Temple (1/1) D:4            Lair (6/6) D:10
  Swamp (4/4) Lair:4       Spider (4/4) Lair:3        Slime (0/5) Lair:5
    Orc (2/2) D:9             Elf (3/3) Orc:2        Vaults (5/5) D:13
  Crypt (3/3) Vaults:2       Tomb (1/3) Crypt:3      Depths (5/5) D:15
   Hell (1/1)                 Dis (7/7) Hell            Geh (0/7) Hell
    Coc (0/7) Hell            Tar (1/7) Hell            Zot (0/5) Depths:5

Altars:
Ashenzari
Cheibriados
Dithmenos
Elyvilon
Fedhas
Gozag
Hepliaklqana
Kikubaaqudgha
Makhleb
Nemelex Xobeh
Okawaru
Qazlal
Ru
Sif Muna
Trog
Uskayaw
Vehumet
Wu Jian
Xom
Yredelemnul
Zin
The Shining One
Beogh
Jiyva

Shops:
D:5 %   D:6 %   D:8 !   D:11 *   D:14 :*   D:15 [   Orc:2 [**:   Elf:2 !
Vaults:5 (*   Depths:2 *

Portals:
Hell: Depths:1 Depths:2 Depths:3 Depths:4 Depths:5
Abyss: Depths:3 Depths:4 Depths:5
Ziggurat: Depths:5

Annotations:
D:9 strange vault
Lair:3 exclusion: oklob plant
Depths:1 1 runed door
Depths:4 2 transporters
Depths:5 exclusions: eye of devastation, eye of draining and 6 more exclusions
Dis:7 Dispater


Innate Abilities, Weirdness & Mutations

You have hooves in place of feet.
You are surrounded by a strong repulsion field. (EV +4, RMsl)
You frequently emit foul miasma when damaged in melee.
Your magical and physical power is greatly enhanced at high health.
When hurt, damage is shared between your health and your magic reserves.
You regenerate magic rapidly.
When low on magic, you restore magic in place of health.
You are immune to rotting.
You can translocate small distances at will.
Your body sometimes deteriorates upon taking damage.
Your magical capacity is low. (-10% MP)
You expend magic power (3 MP) to strengthen your wands.


Message History

Your iron giant skeleton is struck by the Hell Sentinel's spines.
Your iron giant skeleton hits the Hell Sentinel but does no damage.
Dispater hits your iron giant zombie but does no damage.
You feel much better.
Your quicksilver dragon skeleton bites the Hell Sentinel but does no damage.
Your quicksilver dragon skeleton claws the Hell Sentinel.
The Hell Sentinel gestures at you.
The sphere of damnation explodes!
The damnation engulfs you!
* * * LOW HITPOINT WARNING * * *
The damnation engulfs your iron giant skeleton.
The damnation engulfs the Hell Sentinel.
The Hell Sentinel completely resists.
The damnation engulfs your quicksilver dragon skeleton.
The damnation engulfs your iron giant zombie.
The Ice Fiend gestures at you.
The bolt of cold hits your iron giant zombie.
Your iron giant zombie resists.
The bolt of cold hits you! You resist.
You die...
Your body rises from the dead as a mindless zombie.

#.....####'####Z.nnZ#zZW}z#.
#.......##)################.
#......###..ZZ............#.
#.......##).zn............Zz
#......###'################W
#.......##.Z#.',,,,,*,,,,,#.
#......###ZZ#.#,,,,,*,,,,,#.
#.......##ZZ#.#######,,,,,##
#......###1@#.ZZ.....,,,,,,,
#.......###Z#.Z......,,*****
#......###1&#.#ZZ#&.*,,,,,**
#.......##.†....1....,,,,,,*
#......###...........,,,,,,,
#.......##....1......,,,,,,*
#......###.#..#..#..#,,,,,**
#....n..##...........,,*****
#.....####.####......,,,,,,,


You could see Dispater, a Hell Sentinel, an Ice Fiend, a friendly iron giant
zombie, a friendly quicksilver dragon skeleton, 2 friendly iron dragon skeletons
and 2 friendly iron giant skeletons.

Vanquished Creatures
  Khufu (Crypt:3)
  An ancient lich (Depths:3)
  A juggernaut (Depths:5)
  Mennas (Vaults:2)
  Xtahua (Crypt:3)
  A caustic shrike (Depths:2)
  A golden dragon (Vaults:5)
  Geryon (Hell)
  2 Brimstone Fiends (Dis:7)
  A profane servitor (Crypt:3)
  2 bone dragons
  6 liches
  6 iron giants (Dis:7)
  3 tentacled monstrosities
  6 Hell Sentinels (Dis:7)
  4 Ice Fiends
  A deep elf blademaster (Elf:3)
  A quicksilver dragon (Vaults:5)
  An Executioner (Dis:7)
  9 ancient champions
  5 sphinxes
  An eldritch tentacle (Dis:4)
  2 storm dragons
  6 shadow dragons
  A tengu reaver (Depths:5)
  5 revenants
  10 fire giants
  8 iron dragons
  2 draconian scorchers (Depths:5)
  7 frost giants
  Louise (Depths:5)
  2 deep elf sorcerers
  4 emperor scorpions
  2 ghouls (Crypt:1)
  Aizul (Crypt:1)
  9 vault wardens
  9 ironheart preservers
  19 very ugly things
  13 war gargoyles
  21 reapers
  A deep elf demonologist (Vaults:5)
  7 vampire knights
  2 entropy weavers
  20 stone giants
  2 deep elf annihilators
  2 lorocyprocas
  7 spark wasps (Depths:2)
  2 black draconians (Depths:5)
  A purple draconian (Depths:5)
  2 yellow draconians (Depths:5)
  5 deep elf death magi
  9 ettins
  A blizzard demon (Hell)
  2 green deaths
  10 mummy priests
  2 eidola (Depths:3)
  Snorg (D:10)
  4 ogre magi
  12 yaktaur captains
  4 deep elf high priests
  14 jiangshi
  10 fire dragons
  Erolcha (D:11)
  5 great orbs of eyes
  7 ice dragons
  4 hydras
  9 vault guards
  8 centaur warriors
  3 hell beasts
  23 two-headed ogres
  5 spriggan air magi
  4 rakshasas
  Erica (D:8)
  2 death knights
  9 dancing weapons
  5 alligators
  4 deep troll shamans
  10 death scarabs (Tomb:1)
  5 tengu warriors
  4 death yaks
  10 deep troll earth magi
  The ghost of feta the Fighter, a novice OgHu of the Shining One (D:8)
  An orc high priest (Elf:1)
  5 hell hogs (Hell)
  3 titan zombies
  6 spriggan berserkers
  9 vampire magi
  Sonja (Lair:5)
  An iron golem (Hell)
  Nergalle (D:10)
  8 soul eaters
  15 deep elf knights
  3 storm dragon zombies
  A sun demon (Hell)
  7 shadow wraiths
  A death drake (Depths:3)
  2 iron trolls (Depths:4)
  2 golden dragon zombies
  A fire crab (shapeshifter) (Vaults:4)
  19 hell knights
  A death drake (shapeshifter) (Vaults:4)
  59 skeletal warriors
  A sixfirhy (Depths:5)
  A spectral anaconda (Depths:3)
  A glowing orange brain (Depths:3)
  A spriggan druid (Swamp:3)
  24 deep trolls
  3 swamp dragons (Swamp:4)
  An unseen horror (Vaults:1)
  6 flayed ghosts
  A ghost moth zombie (Dis:7)
  7 orc knights
  5 necromancers
  3 wizards
  17 ironbrand convokers
  A lindwurm (Lair:5)
  A spectral hydra (Depths:3)
  2 anaconda skeletons (Hell)
  4 deep elf archers
  5 harpies
  2 shadow dragon zombies
  7 phantasmal warriors
  2 orange crystal statues (Depths:3)
  2 orb spiders
  3 frost giant zombies
  2 orb spiders (shapeshifter)
  6 mana vipers (Depths:3)
  31 deep elf magi
  4 manticores
  18 wolf spiders
  18 ugly things
  6 orc sorcerers
  7 cyclopes
  A salamander (shapeshifter) (Vaults:2)
  A salamander (D:15)
  A fire giant skeleton (Crypt:1)
  2 fire giant zombies
  22 slime creatures
  10 elephants
  2 human skeletons
  A sphinx skeleton (Crypt:2)
  31 rust devils
  A moth of wrath (Spider:3)
  A black mamba (Lair:5)
  2 molten gargoyles (Volcano)
  2 dire elephant zombies
  A shock serpent skeleton (Tomb:1)
  A gargoyle (D:13)
  16 spiny frogs
  An orange demon (Swamp:4)
  2 smoke demons
  A torpor snail (Spider:3)
  10 vault sentinels
  5 ice statues
  An elf zombie (Depths:3)
  A rime drake (D:3)
  A catoblepas zombie (Crypt:2)
  2 kobold demonologists
  8 komodo dragons
  2 centaur skeletons
  An efreet (Dis:7)
  2 dire elephant skeletons (Crypt:1)
  An emperor scorpion zombie (Dis:7)
  2 hellions
  A rime drake (shapeshifter) (Depths:1)
  9 freezing wraiths
  52 yaktaurs
  7 demonic crawlers
  17 ice devils
  7 tormentors
  A tengu conjurer (Depths:3)
  A queen ant zombie (Crypt:1)
  7 tyrant leeches
  2 meliai (shapeshifter)
  5 trolls
  9 guardian mummies
  A troll (shapeshifter) (Elf:1)
  3 hydra zombies
  A polar bear (Lair:2)
  A merfolk (shapeshifter) (Vaults:4)
  6 red devils
  5 spectral merfolk (Depths:3)
  A meliai (Spider:3)
  A harpy zombie (D:15)
  A hydra skeleton (Crypt:1)
  14 jumping spiders
  A wind drake (shapeshifter) (Vaults:3)
  An ice dragon zombie (Dis:6)
  A blink frog (shapeshifter) (Vaults:1)
  5 bog bodies
  10 hornets
  9 blink frogs (Lair:6)
  2 ettin zombies
  10 hippogriffs
  A guardian serpent zombie (Crypt:1)
  A death drake skeleton (Crypt:1)
  A raiju (shapeshifter) (D:12)
  2 snapping turtles (shapeshifter)
  An air elemental (Elf:1)
  2 raiju (Depths:3)
  3 dream sheep (Lair:4)
  A fire giant simulacrum (Depths:3)
  A large abomination (Crypt:3)
  43 flying skulls
  A fire dragon zombie (Dis:5)
  25 redbacks
  6 spriggans
  22 wraiths
  39 yaks
  A black mamba zombie (Dis:7)
  A basilisk (D:14)
  6 water elementals
  A yak (shapeshifter) (Vaults:2)
  6 fire bats (Volcano)
  An ettin skeleton (Dis:7)
  8 shadows
  18 tarantellas
  2 ushabtiu (Tomb:1)
  8 vampires
  4 wyverns
  5 fire elementals (Hell)
  18 vampire mosquitoes
  2 hungry ghosts
  A spectral spiny frog (Crypt:3)
  6 wargs
  8 insubstantial wisps
  5 swamp worms
  A hydra simulacrum (Depths:3)
  3 small abominations (Crypt:3)
  43 hell hounds
  5 spiny frog zombies
  6 water moccasins
  A floating eye (Depths:3)
  3 acid dragons
  3 swamp drakes
  2 porcupines
  2 spectral spriggans (Depths:3)
  An ice beast (shapeshifter) (Vaults:5)
  43 orc warriors
  2 phantoms
  2 spectral trolls (Depths:3)
  A manticore zombie (Crypt:1)
  24 ogres
  3 sky beasts
  10 wolves
  24 boggarts
  2 ice beasts (D:11)
  2 snapping turtle zombies
  4 necrophages
  An ettin simulacrum (Vaults:3)
  8 centaurs
  2 vampire mosquito zombies (D:12)
  9 crocodiles
  A torpor snail zombie (Crypt:2)
  A big kobold (shapeshifter) (Depths:4)
  3 big kobolds
  26 bullfrogs
  2 earth elementals
  2 wyvern skeletons (Crypt:2)
  5 scorpions
  A merfolk simulacrum (Depths:3)
  A warg zombie (Crypt:1)
  A manticore simulacrum (Crypt:3)
  3 spectral nagas (Depths:3)
  11 killer bees
  20 wights
  2 vampire bats (Lair:6)
  3 howler monkeys
  4 electric eels
  2 spectral centaurs (Depths:3)
  6 jellies
  3 centaur zombies
  6 lava snakes (Volcano)
  13 crimson imps
  A bullfrog zombie (D:11)
  A quasit (D:9)
  A human simulacrum (Vaults:2)
  9 iron imps
  A bullfrog skeleton (D:7)
  A draconian simulacrum (IceCv)
  18 orc priests
  8 hounds
  29 orc wizards
  7 hell rats
  A human zombie (Hell)
  3 iguanas
  8 worker ants
  A spriggan simulacrum (IceCv)
  3 troll simulacra (IceCv)
  A killer bee zombie (D:6)
  2 centaur simulacra (IceCv)
  2 hound skeletons
  9 mummies
  A howler monkey zombie (Crypt:1)
  A worker ant zombie (D:6)
  3 gnolls (D:7)
  11 adders
  2 naga simulacra (Depths:3)
  2 ogre simulacra (IceCv)
  7 shadow imps
  A white imp (Orc:2)
  5 oozes
  2 adder skeletons
  3 dart slugs
  6 leopard geckos
  100 orcs
  8 bats
  4 giant cockroaches
  11 goblins
  10 hobgoblins
  9 jackals
  5 quokkas
  A ball python zombie (D:6)
  7 frilled lizards
  A giant cockroach zombie (D:6)
  A jackal skeleton (D:7)
  17 kobolds
  2 leopard gecko skeletons
  An orc skeleton (Crypt:1)
  An orc zombie (Hell)
  A quokka skeleton (D:4)
  A quokka zombie (D:6)
  4 rats
  A river rat skeleton (Crypt:2)
  5 fungi
  6 plants
2001 creatures vanquished.

Vanquished Creatures (collateral kills)
  Mara (Vaults:3)
  A juggernaut (Depths:5)
  2 greater mummies (Tomb:1)
  3 caustic shrikes (Depths:2)
  A golden dragon (Depths:2)
  A bone dragon (Crypt:3)
  A Brimstone Fiend (Dis:7)
  2 Tzitzimimeh (Dis:7)
  Arachne (Spider:4)
  4 liches
  An Ice Fiend (Dis:7)
  3 iron giants (Dis:7)
  A tentacled monstrosity (Swamp:4)
  A deep elf blademaster (Elf:3)
  A Hell Sentinel (Dis:7)
  2 titans (Vaults:5)
  2 quicksilver dragons (Dis:7)
  4 sphinxes
  2 deep elf master archers (Elf:3)
  An ancient champion (Crypt:2)
  A sphinx (shapeshifter) (Vaults:5)
  A tengu reaver (Depths:2)
  Agnes (Spider:2)
  4 shadow dragons
  A fire giant (Depths:5)
  A revenant (Crypt:3)
  2 frost giants
  2 ghost moths (Spider:4)
  5 vault wardens
  2 emperor scorpions
  5 deep elf sorcerers
  A cacodemon (Depths:5)
  2 iron dragons (Dis:7)
  A ghoul (Crypt:3)
  3 deep elf elementalists
  A curse skull (Crypt:1)
  6 stone giants
  8 very ugly things
  3 reapers
  3 war gargoyles (Dis:7)
  5 ironheart preservers
  A green draconian (Depths:5)
  3 vampire knights
  A yellow draconian (Depths:5)
  7 deep elf demonologists
  A caustic shrike skeleton (Depths:3)
  4 entropy weavers
  A dire elephant (D:15)
  A spark wasp (Spider:2)
  7 deep elf annihilators (Elf:3)
  A crystal guardian (Vaults:2)
  5 deep elf death magi
  A green death (Swamp:4)
  7 mummy priests
  2 blizzard demons
  10 jiangshi
  Josephine (D:13)
  5 fire dragons
  A yaktaur captain (Vaults:1)
  2 ettins
  A great orb of eyes (Depths:2)
  2 ice dragons
  A deep elf high priest (Vaults:5)
  11 hydras
  A rakshasa (Vaults:3)
  A ghost crab (Swamp:4)
  19 vault guards
  2 shambling mangroves (Swamp:4)
  2 spriggan air magi
  5 death knights
  A centaur warrior (Depths:2)
  8 alligators
  A hell hog (Depths:5)
  11 death scarabs (Tomb:1)
  5 ogre magi
  A deep troll earth mage (Depths:2)
  3 death yaks
  A thrashing horror (Swamp:4)
  A spriggan berserker (Depths:2)
  2 tengu warriors (Depths:2)
  3 two-headed ogres
  17 dancing weapons
  14 deep elf knights
  A hell knight (Depths:5)
  A storm dragon zombie (Vaults:5)
  A soul eater (Depths:5)
  2 sun demons
  2 titan zombies
  17 skeletal warriors
  A storm dragon skeleton (Dis:6)
  2 iron trolls
  A sixfirhy (Depths:5)
  2 shadow wraiths
  4 deep trolls
  An anaconda zombie (Crypt:1)
  A spriggan druid (Swamp:3)
  2 flayed ghosts (Crypt:1)
  An unseen horror (D:14)
  4 swamp dragons
  5 deep elf archers
  4 ironbrand convokers
  6 necromancers
  13 orb spiders
  4 phantasmal warriors
  7 orc knights
  An anaconda skeleton (Crypt:1)
  22 wolf spiders
  An orb spider (shapeshifter) (Elf:3)
  2 orc sorcerers
  An iron dragon zombie (Dis:6)
  28 deep elf magi
  22 ugly things
  2 stone giant zombies
  6 elephants
  8 rust devils (Dis:7)
  A centaur zombie (D:15)
  A moth of wrath (Spider:4)
  2 black mambas (Lair:6)
  2 smoke demons (Hell)
  An iron dragon skeleton (Crypt:1)
  6 vault sentinels
  25 spiny frogs
  A torpor snail (Spider:4)
  3 hellions
  A rime drake (Lair:5)
  An orange demon (Swamp:4)
  A shock serpent skeleton (Crypt:1)
  13 yaktaurs
  7 demonic crawlers
  2 ice devils (Dis:7)
  7 guardian mummies
  2 komodo dragons
  5 freezing wraiths
  3 hydra zombies (Crypt:1)
  21 jumping spiders
  A merfolk (D:15)
  A red devil (Hell)
  A harpy zombie (Crypt:1)
  2 meliai (Spider:3)
  3 tyrant leeches
  3 trolls
  A tengu conjurer (Depths:2)
  6 bog bodies
  18 slime creatures
  7 blink frogs (Lair:6)
  A raiju (shapeshifter) (Vaults:3)
  17 hornets
  2 fire dragon zombies
  2 dream sheep (Lair:4)
  41 redbacks
  2 hippogriffs
  An ice dragon zombie (Crypt:1)
  7 shadows
  41 flying skulls
  6 spriggans
  10 tarantellas
  An air elemental (Elf:1)
  An alligator skeleton (Dis:7)
  3 wraiths
  14 yaks
  2 yaks (shapeshifter)
  2 wyverns
  A black mamba skeleton (Crypt:1)
  A hog (shapeshifter) (Vaults:2)
  A water elemental (Elf:1)
  An ettin skeleton (Crypt:3)
  A human simulacrum (Vaults:5)
  A basilisk (D:12)
  18 vampire mosquitoes
  2 fire elementals (Hell)
  A tengu zombie (Depths:2)
  17 insubstantial wisps
  A spiny frog zombie (Hell)
  14 swamp worms
  4 hell hounds
  An acid dragon (D:12)
  5 water moccasins
  A floating eye (Depths:2)
  An orb spider zombie (Crypt:1)
  2 porcupines
  A large abomination (Swamp:4)
  14 orc warriors
  7 swamp drakes
  A swamp dragon zombie (Dis:7)
  A manticore zombie (Dis:7)
  8 ogres
  4 necrophages (Crypt:3)
  3 boggarts
  7 centaurs
  A snapping turtle zombie (Dis:6)
  9 crocodiles
  A human skeleton (Vaults:5)
  A komodo dragon zombie (Crypt:2)
  10 bullfrogs
  An earth elemental (Elf:2)
  A spriggan zombie (Crypt:1)
  2 killer bees (D:10)
  4 wights (Dis:2)
  2 electric eels
  A vampire bat (Lair:6)
  A human zombie (Dis:7)
  4 orc priests
  3 iron imps
  A jelly (D:12)
  A hound (D:8)
  5 orc wizards
  A worker ant (D:12)
  A centaur simulacrum (IceCv)
  A mummy (Tomb:1)
  A shadow imp (D:13)
  An adder skeleton (D:8)
  20 orcs
  2 goblins (D:14)
  3 kobolds (D:10)
  3 bats (Lair:6)
  20 fungi
  25 plants
988 creatures vanquished.

Vanquished Creatures (others)
  9 profane servitors
  A bone dragon (Dis:7)
  A Hell Sentinel (Dis:7)
  A thorn hunter (Swamp:1)
  12 ghouls
  A spectral human (Vaults:5)
  A caustic shrike skeleton (Depths:2)
  10 vampire knights
  A stone giant (Depths:4)
  spectral the Serpent of Hell (Dis:7)
  A vault guard (Vaults:5)
  2 centaur warriors
  A dancing weapon (Elf:3)
  An ogre mage (Depths:2)
  A golden dragon zombie (Vaults:5)
  16 skeletal warriors
  6 very ugly thing zombies
  9 flayed ghosts
  A spark wasp zombie (Depths:2)
  A ghost moth zombie (Spider:4)
  A deep elf archer (Vaults:2)
  A shadow dragon zombie (Vaults:5)
  2 wolf spider zombies
  An orc knight (Orc:2)
  An iron giant skeleton (Dis:7)
  13 phantasmal warriors
  A shadow dragon skeleton (Hell)
  4 sphinx zombies
  3 ugly thing zombies
  A tengu skeleton (Depths:5)
  A draconian zombie (Depths:5)
  4 stone giant zombies
  A hell hog zombie (Depths:5)
  11 death scarab zombies (Tomb:1)
  A frost giant zombie (Vaults:5)
  A stone giant skeleton (Depths:5)
  An iron dragon skeleton (Dis:7)
  A titan simulacrum (Hell)
  A yellow draconian zombie (Depths:5)
  8 yaktaurs
  24 human zombies
  4 ghoul skeletons
  A green draconian zombie (Depths:5)
  2 redback zombies
  2 iron troll zombies (Depths:4)
  A demonic crawler zombie (Hell)
  A harpy zombie (Vaults:4)
  3 hydra zombies
  A harpy skeleton (Vaults:4)
  A tyrant leech (Swamp:1)
  A fire dragon zombie (Depths:3)
  A jumping spider zombie (Spider:4)
  A fire giant simulacrum (Hell)
  8 spriggan zombies
  10 flying skulls
  An ice dragon zombie (Vaults:2)
  14 vampires
  5 wraiths
  A black mamba zombie (Lair:5)
  An elf skeleton (Vaults:5)
  3 two-headed ogre zombies
  A swamp worm (Swamp:1)
  5 deep troll zombies
  An ogre skeleton (Vaults:1)
  5 spiny frog zombies (Lair:6)
  A hell hound (Dis:7)
  A manticore zombie (D:12)
  3 deep troll skeletons
  A human skeleton (Depths:5)
  9 hornet zombies
  3 orc warriors (Orc:2)
  A ghost crab zombie (Swamp:4)
  2 elf zombies
  4 blink frog zombies (Lair:6)
  5 vampire mosquito zombies
  4 centaurs
  11 yaktaur zombies
  A komodo dragon zombie (Lair:6)
  10 hell hound zombies
  A hippogriff skeleton (D:12)
  A wyvern zombie (Lair:6)
  A cyclops zombie (D:12)
  A hell hound skeleton (Dis:7)
  A water moccasin zombie (Lair:4)
  4 yaktaur skeletons
  2 troll zombies
  2 tengu zombies (Depths:2)
  2 yak zombies (D:10)
  2 wights (D:10)
  A yak skeleton (Lair:6)
  2 wolf zombies (Depths:3)
  5 bullfrog zombies
  3 centaur zombies
  A bullfrog skeleton (Lair:6)
  3 centaur skeletons
  A basilisk zombie (D:12)
  2 hell rats (Hell)
  4 killer bee zombies
  5 ogre zombies
  A crocodile zombie (D:8)
  A sky beast zombie (D:10)
  A hound zombie (D:10)
  A hound skeleton (D:9)
  5 mummies
  4 hell rat skeletons (Hell)
  A scorpion zombie (D:12)
  9 orc skeletons
  A white imp (Hell)
  An adder zombie (D:10)
  23 orc zombies
  2 electric eel skeletons (Lair:6)
  6 orcs (Orc:2)
  A bat skeleton (Lair:6)
  A bat zombie (Lair:6)
  A gnoll zombie (D:7)
  A hobgoblin zombie (D:9)
  3 kobold zombies
  10 fungi
  36 plants
442 creatures vanquished.

Grand Total: 3431 creatures vanquished

Notes
Turn   | Place    | Note
-------+----------+-------------------------------------------
     0 | D:1      | flinch the Demonspawn Fighter began the quest for the Orb.
     0 | D:1      | Reached XP level 1. HP: 18/18 MP: 1/1
    66 | D:1      | Reached skill level 2 in Polearms
   289 | D:1      | Gained mutation: You are surrounded by a mild repulsion
                  | field. (EV +2) [demonic ancestry]
   289 | D:1      | Reached XP level 2. HP: 18/24 MP: 2/2
  1009 | D:2      | Gained mutation: You are immune to rotting. [demonic
                  | ancestry]
  1009 | D:2      | Reached XP level 3. HP: 29/29 MP: 3/3
  1248 | D:2      | Reached skill level 3 in Polearms
  1500 | D:2      | Gained mutation: You have large cloven feet. [demonic
                  | ancestry]
  1500 | D:2      | Reached XP level 4. HP: 35/35 MP: 4/4
  2113 | D:3      | Found a sacrificial altar of Ru.
  2133 | D:3      | Reached XP level 5. HP: 41/41 MP: 5/5
  2648 | D:4      | Noticed an ogre
  2657 | D:4      | Killed an ogre
  2657 | D:4      | Reached skill level 4 in Polearms
  2777 | D:4      | Reached XP level 6. HP: 47/47 MP: 6/6
  3005 | D:4      | Found an ancient bone altar of Kikubaaqudgha.
  3256 | D:4      | Found a staircase to the Ecumenical Temple.
  3602 | D:3      | Noticed a hornet
  3602 | D:3      | an ogre changed into a hornet
  3603 | D:3      | Noticed a rime drake
  3603 | D:3      | a hornet changed into a rime drake
  3622 | D:3      | Killed a rime drake
  3622 | D:3      | Reached skill level 5 in Polearms
  3622 | D:3      | Reached skill level 1 in Slings
  3622 | D:3      | Gained mutation: You have hoof-like feet. [demonic
                  | ancestry]
  3622 | D:3      | Reached XP level 7. HP: 13/52 MP: 7/7
  4337 | D:4      | Found a burning altar of Makhleb.
  4476 | D:4      | Found a glowing golden altar of the Shining One.
  4584 | D:4      | Found a deep blue altar of Sif Muna.
  4717 | Temple   | Entered the Ecumenical Temple
  4751 | Temple   | Became a worshipper of Yredelemnul the Dark
  4796 | D:5      | Entered Level 5 of the Dungeon
  4891 | D:5      | Found Nixorgh's Food Shoppe.
  5071 | D:5      | Reached skill level 1 in Invocations
  5606 | D:5      | Gained mutation: When hurt, damage is shared between your
                  | health and your magic reserves. [demonic ancestry]
  5606 | D:5      | Reached XP level 8. HP: 58/58 MP: 9/9
  5609 | D:5      | Reached skill level 6 in Polearms
  5911 | D:6      | Reached * piety under Yredelemnul
  5944 | D:6      | Reached skill level 5 in Armour
  5944 | D:6      | Reached skill level 5 in Shields
  6657 | D:6      | Found an ancient bone altar of Kikubaaqudgha.
  6723 | D:6      | Found Cagistrue's Food Shoppe.
  7496 | D:7      | Found a radiant altar of Vehumet.
  7620 | D:7      | Paralysed by an orc warrior for 3 turns
  7629 | D:7      | Paralysed by an orc warrior for 3 turns
  7643 | D:7      | Reached skill level 7 in Polearms
  7765 | D:7      | Found a shadowy altar of Dithmenos.
  8021 | D:7      | Reached skill level 1 in Evocations
  8021 | D:7      | Gained mutation: You regenerate magic rapidly. [demonic
                  | ancestry]
  8021 | D:7      | Reached XP level 9. HP: 55/63 MP: 9/12
  8288 | D:8      | Found a hazy altar of Hepliaklqana.
  8462 | D:8      | Found a shimmering altar of Xom.
  8471 | D:8      | Reached ** piety under Yredelemnul
  9001 | D:8      | Found a runed gate.
  9001 | D:8      | Found a runed gate.
  9001 | D:8      | Found a runed gate.
  9007 | D:8      | Noticed feta's ghost (novice OgHu)
  9024 | D:8      | Found a bloodstained altar of Trog.
  9045 | D:8      | Noticed Erica
  9072 | D:8      | Killed Erica
  9072 | D:8      | Reached skill level 8 in Polearms
  9459 | D:8      | Found Fempoblyf's Distillery.
  9491 | D:8      | Bought a potion of heal wounds for 75 gold pieces
  9491 | D:8      | Bought a potion of heal wounds for 75 gold pieces
  9491 | D:8      | Bought a potion of curing for 45 gold pieces
  9491 | D:8      | Bought 2 potions of curing for 90 gold pieces
  9491 | D:8      | Bought a potion of curing for 45 gold pieces
  9491 | D:8      | Bought a potion of lignification for 45 gold pieces
  9902 | D:8      | Reached XP level 10. HP: 26/72 MP: 10/13
 10133 | D:9      | Found a shattered altar of Ashenzari.
 10565 | D:9      | Reached skill level 9 in Polearms
 10612 | D:10     | Entered Level 10 of the Dungeon
 10695 | D:9      | Reached skill level 5 in Fighting
 10822 | D:9      | Identified a scroll of acquirement
 10831 | D:9      | Found a staircase to the Orcish Mines.
 11060 | D:9      | Found a sacrificial altar of Ru.
 11063 | D:9      | Found an iron altar of Okawaru.
 11199 | D:10     | Reached *** piety under Yredelemnul
 11258 | D:10     | Noticed a two-headed ogre
 11281 | D:10     | Killed a two-headed ogre
 11496 | D:10     | Found a staircase to the Lair.
 11533 | Lair:1   | Entered Level 1 of the Lair of Beasts
 11533 | Lair:1   | Noticed a spiny frog
 11533 | Lair:1   | Noticed a spiny frog
 11550 | D:10     | Killed a spiny frog
 11550 | D:10     | Reached skill level 10 in Polearms
 11550 | D:10     | Gained mutation: You may emit foul miasma when damaged in
                  | melee. [demonic ancestry]
 11550 | D:10     | Reached XP level 11. HP: 79/79 MP: 14/14
 11719 | Lair:1   | Found a frozen archway.
 11948 | IceCv    | Entered an ice cave
 14055 | IceCv    | Reached **** piety under Yredelemnul
 14055 | IceCv    | Received a gift from Yredelemnul (a wight)
 14288 | IceCv    | Reached skill level 5 in Invocations
 14493 | IceCv    | Reached skill level 1 in Stealth
 14802 | IceCv    | Noticed a necromancer
 14810 | IceCv    | Killed a necromancer
 14825 | IceCv    | Got an ancient long sword
 14897 | Lair:1   | Identified the +3 long sword "Wiceggaur" {antimagic, rPois
                  | MP+9 Str+3 Int+5} (You found it in an ice cave)
 15715 | D:10     | Noticed Nergalle
 15725 | D:10     | Killed Nergalle
 15725 | D:10     | Reached skill level 1 in Spellcasting
 15725 | D:10     | Received a gift from Yredelemnul (a wight)
 15884 | D:11     | Noticed Snorg
 15905 | D:10     | Your ally Nergalle died
 15909 | D:10     | Killed Snorg
 16137 | D:10     | Received a gift from Yredelemnul (a mummy)
 16209 | D:11     | Found Biolotte's Assorted Antiques.
 16217 | D:11     | Bought a scroll of teleportation for 66 gold pieces
 16217 | D:11     | Bought a scroll labeled ERUROWK KAOCEPN for 22 gold pieces
 16217 | D:11     | Bought a scroll labeled NOTEUJ LIOSOI for 22 gold pieces
 16427 | D:11     | Noticed an eight-headed hydra
 16439 | D:11     | Killed an eight-headed hydra
 16439 | D:11     | Reached skill level 11 in Polearms
 16439 | D:11     | Gained mutation: You are surrounded by a moderate repulsion
                  | field. (EV +3) [demonic ancestry]
 16439 | D:11     | Reached XP level 12. HP: 72/89 MP: 12/17
 16475 | D:11     | Noticed Erolcha
 16488 | D:11     | Killed Erolcha
 16695 | D:11     | Received a gift from Yredelemnul (a mummy)
 17290 | D:12     | Received a gift from Yredelemnul (4 flying skulls)
 17913 | D:12     | Found an ornate altar of the Wu Jian Council.
 18031 | D:12     | Found a roughly hewn altar of Beogh.
 18036 | D:12     | Received a gift from Yredelemnul (a wraith)
 18406 | D:13     | Noticed an eight-headed hydra
 18426 | D:12     | Reached ***** piety under Yredelemnul
 18433 | D:13     | Noticed a two-headed ogre
 18447 | D:13     | Killed a two-headed ogre
 18597 | D:13     | Reached skill level 10 in Shields
 18756 | D:13     | Killed an eight-headed hydra
 18876 | D:13     | Noticed a vault guard
 18890 | D:13     | Killed a vault guard
 18890 | D:13     | Reached skill level 12 in Polearms
 18900 | D:13     | Got a jewelled war axe
 18908 | D:13     | Identified the +3 war axe "Humits Agoutt" {pain, +Rage
                  | rElec Str+3 Int-5} (You found it on level 13 of the
                  | Dungeon)
 18924 | D:13     | Gained mutation: You are surrounded by a strong repulsion
                  | field. (EV +4, RMsl) [demonic ancestry]
 18924 | D:13     | Reached XP level 13. HP: 98/98 MP: 20/20
 19027 | D:13     | Noticed Josephine
 19038 | D:13     | Killed Josephine
 19099 | D:13     | Found a gate to the Vaults.
 19229 | D:13     | Reached skill level 10 in Invocations
 19237 | D:13     | Received a gift from Yredelemnul (4 flying skulls)
 19413 | D:14     | Found Tiuroass's Assorted Antiques.
 19421 | D:14     | Bought a scroll labeled ORCHAF FAEPN for 37 gold pieces
 19421 | D:14     | Bought a wand of random effects (28) for 37 gold pieces
 19583 | D:14     | Found a flagged portal.
 19598 | Bailey   | Entered a bailey
 19882 | Bailey   | Got brightly glowing gold dragon scales
 19893 | Bailey   | Identified the +1 gold dragon scales of the Devil {rElec
                  | rPois rF+ rC+ rN+ Int+3} (You found it in a bailey)
 20062 | D:14     | Received a gift from Yredelemnul (a wraith)
 20164 | D:14     | Found Nutruemaywk's Book Emporium.
 21031 | D:15     | Entered Level 15 of the Dungeon
 21032 | D:15     | Found Begivaim's Antique Armour Emporium.
 21077 | D:15     | Bought a pair of transparent gloves for 266 gold pieces
 21087 | D:15     | Identified the cursed +0 pair of gloves of Sif Muna's
                  | Generosity {Slay+5 Stlth+} (You bought it in a shop on
                  | level 15 of the Dungeon)
 21441 | Lair:2   | Received a gift from Yredelemnul (a wraith)
 21477 | Lair:2   | Found a dark tunnel.
 21501 | Lair:2   | Got a clouded amber ring
 21503 | Lair:2   | Identified the ring of Ciudeumerr {rF+ Dex+3} (You found it
                  | on level 2 of the Lair of Beasts)
 21515 | Lair:2   | Upgraded the game from 0.23-a0-241-g3b46b076a4 to
                  | 0.23-a0-274-g77505739ee
 21548 | Volcano  | Entered a volcano
 21705 | Volcano  | Found a burning altar of Makhleb.
 22064 | Lair:2   | Reached ****** piety under Yredelemnul
 22099 | Lair:2   | Upgraded the game from 0.23-a0-274-g77505739ee to
                  | 0.23-a0-292-g6cc01a3c85
 22612 | Lair:3   | Found a hole to the Spider Nest.
 22633 | Spider:1 | Entered Level 1 of the Spider Nest
 23213 | Lair:4   | Reached skill level 13 in Polearms
 23213 | Lair:4   | Reached skill level 10 in Armour
 23217 | Lair:4   | Reached XP level 14. HP: 93/105 MP: 12/21
 23222 | Lair:4   | Received a gift from Yredelemnul (a skeletal warrior)
 23423 | Lair:4   | Found a staircase to the Swamp.
 23553 | Lair:4   | Received a gift from Yredelemnul (2 flying skulls)
 24356 | Lair:5   | Noticed Sonja
 24378 | Lair:5   | Killed Sonja
 24379 | Lair:5   | Received a gift from Yredelemnul (a wraith)
 24869 | Lair:5   | Found a viscous altar of Jiyva.
 24869 | Lair:5   | Found a staircase to the Slime Pits.
 25164 | Lair:6   | Entered Level 6 of the Lair of Beasts
 25170 | Lair:6   | Received a gift from Yredelemnul (a vampire)
 25325 | Lair:6   | Received a gift from Yredelemnul (a wraith)
 25609 | Lair:6   | Received a gift from Yredelemnul (a vampire)
 25760 | Lair:6   | Got a crude war axe
 25761 | Lair:6   | Identified the cursed +0 war axe of Taxation {protect,
                  | Fragile rElec rPois Stlth+} (You found it on level 6 of the
                  | Lair of Beasts)
 25787 | Lair:6   | Gained mutation: You can translocate small distances at
                  | will. [potion of mutation]
 25787 | Lair:6   | Gained mutation: You possess an exceptional clarity of
                  | mind. [potion of mutation]
 25787 | Lair:6   | Gained mutation: You expend magic power (3 MP) to
                  | strengthen your wands. [potion of mutation]
 26338 | Orc:1    | Entered Level 1 of the Orcish Mines
 26344 | Orc:1    | Received a gift from Yredelemnul (a flayed ghost)
 26362 | Orc:1    | Reached XP level 15. HP: 110/110 MP: 8/22
 26460 | Orc:1    | Received a gift from Yredelemnul (a phantasmal warrior)
 26504 | Orc:2    | Entered Level 2 of the Orcish Mines
 27099 | Orc:2    | Found a staircase to the Elven Halls.
 27205 | Orc:2    | Noticed an orc warlord
 27214 | Orc:2    | Received a gift from Yredelemnul (a phantasmal warrior)
 27221 | Orc:2    | Killed an orc warlord
 27221 | Orc:2    | Enslaved an orc warlord
 27384 | Orc:1    | Received a gift from Yredelemnul (a phantasmal warrior)
 27527 | Orc:2    | Reached skill level 14 in Polearms
 27547 | Orc:2    | Found Giquteif's Assorted Antiques.
 27547 | Orc:2    | Found Puituck's General Store.
 27549 | Orc:2    | Found Conkig's Armour Emporium.
 27551 | Orc:2    | Found Wuats's Book Shop.
 27558 | Orc:2    | Bought a scroll of teleportation for 42 gold pieces
 27558 | Orc:2    | Bought a potion of curing for 42 gold pieces
 27559 | Orc:2    | Bought an encrusted trident for 272 gold pieces
 27559 | Orc:2    | Identified the +8 trident "Spider's Funeral" {flame, -Tele
                  | rElec Dex+2} (You bought it in a shop on level 2 of the
                  | Orcish Mines)
 28856 | D:15     | Found a staircase to the Depths.
 29046 | Swamp:1  | Entered Level 1 of the Swamp
 29079 | Swamp:1  | Noticed a thorn hunter
 29103 | Swamp:1  | Killed a thorn hunter
 29116 | Swamp:1  | Received a gift from Yredelemnul (a profane servitor)
 29490 | Swamp:1  | Received a gift from Yredelemnul (a ghoul)
 30152 | Swamp:2  | Received a gift from Yredelemnul (a vampire)
 30817 | Swamp:3  | Received a gift from Yredelemnul (a vampire knight)
 31063 | Swamp:3  | Received a gift from Yredelemnul (a vampire)
 31092 | Swamp:3  | Reached skill level 5 in Evocations
 31530 | Swamp:4  | Entered Level 4 of the Swamp
 31618 | Swamp:4  | Gained mutation: You have hooves in place of feet. [demonic
                  | ancestry]
 31618 | Swamp:4  | Reached XP level 16. HP: 117/117 MP: 25/25
 31656 | Swamp:4  | Received a gift from Yredelemnul (a phantasmal warrior)
 32054 | Swamp:4  | Received a gift from Yredelemnul (a profane servitor)
 32091 | Swamp:4  | Noticed a tentacled monstrosity
 32098 | Swamp:4  | Killed a tentacled monstrosity
 32121 | Swamp:4  | Received a gift from Yredelemnul (a profane servitor)
 32148 | Swamp:4  | Got a decaying rune of Zot
 32768 | Spider:1 | Received a gift from Yredelemnul (a skeletal warrior)
 33755 | Spider:2 | Noticed Agnes
 33763 | Spider:2 | Killed Agnes
 35070 | Spider:3 | Received a gift from Yredelemnul (a ghoul)
 35139 | Spider:3 | Reached skill level 15 in Polearms
 35299 | Spider:3 | Received a gift from Yredelemnul (a skeletal warrior)
 35304 | Spider:3 | Found the +7 longbow "Piercer" {penet, EV-2}
 35920 | Spider:4 | Noticed Arachne
 35920 | Spider:4 | Entered Level 4 of the Spider Nest
 35948 | Spider:4 | Received a gift from Yredelemnul (a vampire knight)
 35953 | Spider:4 | Reached skill level 15 in Armour
 35958 | Spider:4 | Killed Arachne
 35958 | Spider:4 | Reached XP level 17. HP: 113/122 MP: 22/26
 36005 | Spider:4 | Noticed Nikola
 36023 | Spider:4 | Killed Nikola
 36023 | Spider:4 | Enslaved Nikola
 36086 | Spider:4 | Received a gift from Yredelemnul (a phantasmal warrior)
 36445 | Spider:4 | Received a gift from Yredelemnul (a flayed ghost)
 36456 | Spider:4 | Received a gift from Yredelemnul (a vampire knight)
 36523 | Spider:4 | Got a gossamer rune of Zot
 36958 | Elf:1    | Entered Level 1 of the Elven Halls
 38021 | Elf:1    | Reached skill level 1 in Dodging
 38080 | Elf:1    | Received a gift from Yredelemnul (a vampire)
 38381 | Elf:2    | Received a gift from Yredelemnul (a ghoul)
 38420 | Elf:2    | Found Xepsogh's Distillery.
 38429 | Elf:2    | Bought 2 potions of heal wounds for 150 gold pieces
 38429 | Elf:2    | Bought a potion of cancellation for 120 gold pieces
 38429 | Elf:2    | Bought a potion of agility for 60 gold pieces
 38429 | Elf:2    | Bought a potion of agility for 60 gold pieces
 38429 | Elf:2    | Bought a potion of agility for 60 gold pieces
 38429 | Elf:2    | Bought 2 potions of agility for 120 gold pieces
 38429 | Elf:2    | Bought a potion of resistance for 150 gold pieces
 38429 | Elf:2    | Bought a potion of resistance for 150 gold pieces
 38429 | Elf:2    | Bought a potion of cancellation for 120 gold pieces
 38473 | Elf:2    | Reached skill level 16 in Polearms
 38491 | Elf:2    | Found a huge runed gate.
 38493 | Elf:2    | Found a huge runed gate.
 38496 | Elf:2    | Found a huge runed gate.
 38860 | Elf:2    | Learned a level 2 spell: Blink
 39059 | Elf:2    | Received a gift from Yredelemnul (a phantasmal warrior)
 39282 | Elf:3    | Entered Level 3 of the Elven Halls
 39295 | Elf:3    | Found a deep blue altar of Sif Muna.
 39365 | Elf:3    | Reached skill level 15 in Shields
 39610 | Elf:3    | Gained mutation: Your magical and physical power is
                  | slightly enhanced at high health. [demonic ancestry]
 39610 | Elf:3    | Reached XP level 18. HP: 132/132 MP: 27/27
 39744 | Elf:3    | Received a gift from Yredelemnul (a ghoul)
 39929 | Elf:3    | Noticed a Tzitzimitl
 39934 | Elf:3    | Noticed a Tzitzimitl
 39934 | Elf:3    | Noticed an Ice Fiend
 39938 | Elf:3    | Noticed a Hell Sentinel
 39938 | Elf:3    | Noticed a Hell Sentinel
 40459 | Elf:3    | Received a gift from Yredelemnul (a skeletal warrior)
 40463 | Elf:3    | Noticed a Brimstone Fiend
 40476 | Elf:3    | Reached skill level 10 in Fighting
 40599 | Elf:3    | Found the amulet of Vitality {Regen+ HP+15}
 40605 | Elf:3    | Identified the Handbook of Enthralling Moulding
 40608 | Elf:3    | Identified the Collected Works on the Birds and Cold
 40635 | Elf:3    | Identified the +7 fire dragon scales of Nimneatai {*Slow
                  | rF++ rC- rCorr Int+2 Dex+2} (You found it on level 3 of the
                  | Elven Halls)
 40655 | Elf:3    | Identified Sif Muna's Reference Book on the Birds
 40720 | Elf:3    | Identified the Incunabulum of Lucky Arcane Weapons
 41252 | D:8      | Killed feta's ghost
 41358 | D:11     | Bought a potion of might for 88 gold pieces
 41358 | D:11     | Bought a scroll of identify for 44 gold pieces
 41420 | Vaults:1 | Entered Level 1 of the Vaults
 41458 | Vaults:1 | Received a gift from Yredelemnul (a vampire)
 41808 | Vaults:1 | Reached skill level 17 in Polearms
 41903 | Vaults:1 | Received a gift from Yredelemnul (a ghoul)
 42253 | Vaults:1 | Received a gift from Yredelemnul (a skeletal warrior)
 42315 | Vaults:1 | Reached skill level 5 in Dodging
 42335 | Vaults:1 | Received a gift from Yredelemnul (a flayed ghost)
 42891 | Vaults:1 | Reached XP level 19. HP: 140/140 MP: 28/28
 43130 | Vaults:2 | Received a gift from Yredelemnul (a vampire)
 43169 | Vaults:2 | Got a shimmering glaive
 43172 | Vaults:2 | Identified the +8 glaive "Rocwuvinny" {flame, Int+5} (You
                  | found it on level 2 of the Vaults)
 43464 | Vaults:2 | Noticed Mennas
 43586 | Vaults:2 | Received a gift from Yredelemnul (a phantasmal warrior)
 43800 | Vaults:2 | Killed Mennas
 43952 | Vaults:2 | Found a staircase to the Crypt.
 43952 | Vaults:2 | Found a basalt altar of Yredelemnul.
 43953 | Vaults:2 | Found an ancient bone altar of Kikubaaqudgha.
 44618 | Crypt:1  | Entered Level 1 of the Crypt
 44655 | Crypt:1  | Paralysed by something for 6 turns
 44667 | Crypt:1  | Received a gift from Yredelemnul (a phantasmal warrior)
 45355 | Crypt:1  | Noticed Aizul
 45365 | Crypt:1  | Killed Aizul
 45789 | Crypt:1  | Received a gift from Yredelemnul (a profane servitor)
 45927 | Crypt:1  | Received a gift from Yredelemnul (a ghoul)
 46564 | Crypt:3  | Entered Level 3 of the Crypt
 46980 | Crypt:2  | Received a gift from Yredelemnul (a vampire knight)
 47258 | Crypt:3  | Reached skill level 18 in Polearms
 47266 | Crypt:3  | Reached XP level 20. HP: 140/147 MP: 31/31
 47287 | Crypt:3  | Received a gift from Yredelemnul (a vampire knight)
 47300 | Crypt:3  | Reached skill level 15 in Invocations
 47790 | Crypt:3  | Found an ancient bone altar of Kikubaaqudgha.
 47810 | Crypt:3  | Received a gift from Yredelemnul (a flayed ghost)
 47930 | Crypt:3  | Noticed a profane servitor
 47947 | Crypt:3  | Killed a profane servitor
 47969 | Crypt:3  | Got a heavily runed glass ring
 47971 | Crypt:3  | Identified the ring "Larghugown" {rN+ Dex+3} (You found it
                  | on level 3 of the Crypt)
 47973 | Crypt:3  | Got a coiled bone ring
 47975 | Crypt:3  | Identified the ring "Viph" {*Contam rN+ Int+6 Dex+2} (You
                  | found it on level 3 of the Crypt)
 47979 | Crypt:3  | Got a shimmering wooden ring
 47980 | Crypt:3  | Identified the ring of Symmetry {rPois rN+ Str+2} (You
                  | found it on level 3 of the Crypt)
 48002 | Crypt:3  | Found the +7 great mace "Undeadhunter" {disrupt, rN+}
 48103 | Crypt:3  | Received a gift from Yredelemnul (a ghoul)
 48227 | Crypt:3  | Noticed Xtahua
 48233 | Crypt:3  | Killed Xtahua
 48268 | Crypt:3  | Received a gift from Yredelemnul (a vampire)
 48457 | Crypt:3  | Noticed a bone dragon
 48471 | Crypt:3  | Killed a bone dragon
 48478 | Crypt:3  | Noticed Khufu
 48489 | Crypt:3  | Killed Khufu
 48496 | Crypt:3  | Found a staircase to the Tomb.
 49013 | Vaults:3 | Noticed Mara
 49020 | Vaults:3 | Noticed flinch's illusion
 49032 | Vaults:3 | Noticed flinch's illusion
 49077 | Vaults:3 | Noticed flinch's illusion
 49086 | Vaults:3 | Killed Mara
 49412 | Vaults:3 | Received a gift from Yredelemnul (a bone dragon)
 49715 | Vaults:3 | Received a gift from Yredelemnul (a phantasmal warrior)
 49792 | Vaults:3 | Upgraded the game from 0.23-a0-292-g6cc01a3c85 to
                  | 0.23-a0-296-ga3b1b28ecf
 50465 | Vaults:4 | Paralysed by an orc sorcerer for 7 turns
 50587 | Vaults:4 | Gained mutation: When low on magic, you restore magic in
                  | place of health. [demonic ancestry]
 50587 | Vaults:4 | Reached XP level 21. HP: 152/158 MP: 33/33
 50753 | Vaults:4 | Received a gift from Yredelemnul (a skeletal warrior)
 50849 | Vaults:4 | Received a gift from Yredelemnul (a ghoul)
 51266 | Vaults:4 | Received a gift from Yredelemnul (a skeletal warrior)
 51495 | Vaults:4 | Reached skill level 19 in Polearms
 51777 | Depths:1 | Entered Level 1 of the Depths
 51849 | Depths:1 | Found a runed door.
 51951 | Depths:1 | Received a gift from Yredelemnul (a skeletal warrior)
 52449 | Depths:1 | Found a gateway to Hell.
 52963 | Depths:2 | Cast into level 4 of the Abyss (a lich)
 53022 | Depths:2 | Escaped the Abyss
 53130 | Depths:2 | Received a gift from Yredelemnul (a vampire knight)
 53329 | Depths:2 | Received a gift from Yredelemnul (a vampire knight)
 53361 | Depths:2 | Noticed a golden dragon
 53368 | Depths:2 | Killed a golden dragon
 53596 | Depths:2 | Reached XP level 22. HP: 161/171 MP: 34/34
 53611 | Depths:2 | Noticed a caustic shrike
 53621 | Depths:2 | Killed a caustic shrike
 53622 | Depths:2 | Noticed a caustic shrike
 53626 | Depths:2 | Killed a caustic shrike
 53627 | Depths:2 | Received a gift from Yredelemnul (a skeletal warrior)
 53631 | Depths:2 | Noticed a caustic shrike
 53642 | Depths:2 | Killed a caustic shrike
 53653 | Depths:2 | Noticed a caustic shrike
 53663 | Depths:2 | Killed a caustic shrike
 53676 | Depths:2 | Reached skill level 5 in Spellcasting
 53722 | Depths:2 | Got a translucent amber ring
 53725 | Depths:2 | Identified the ring "Halo" {*Tele rC++ Slay+3} (You took it
                  | off a boggart on level 2 of the Depths)
 53796 | Depths:2 | Received a gift from Yredelemnul (a phantasmal warrior)
 53839 | Depths:2 | Reached skill level 1 in Throwing
 53839 | Depths:2 | Reached skill level 1 in Translocations
 53839 | Depths:2 | Received a gift from Yredelemnul (a vampire)
 54167 | Depths:2 | Received a gift from Yredelemnul (a phantasmal warrior)
 54475 | Depths:2 | Found Howohoz's General Store.
 54478 | Depths:2 | Bought a scroll of teleportation for 54 gold pieces
 54478 | Depths:2 | Bought a scroll of enchant armour for 135 gold pieces
 54593 | Depths:3 | Received a gift from Yredelemnul (a flayed ghost)
 54909 | Depths:3 | Reached skill level 20 in Polearms
 55195 | Depths:4 | Reached skill level 5 in Stealth
 55677 | Depths:3 | Received a gift from Yredelemnul (a phantasmal warrior)
 55727 | Depths:3 | Reached XP level 23. HP: 172/180 MP: 35/35
 55827 | Depths:3 | Reached skill level 15 in Fighting
 56297 | Depths:3 | Received a gift from Yredelemnul (a flayed ghost)
 56424 | Depths:3 | Found a one-way gate to the infinite horrors of the Abyss.
 56445 | Depths:3 | Gained mutation: Your magical and physical power is
                  | enhanced at high health. [demonic ancestry]
 56445 | Depths:3 | Reached XP level 24. HP: 185/188 MP: 35/35
 56580 | Depths:3 | Noticed an ancient lich
 56599 | Depths:3 | Killed an ancient lich
 57476 | Depths:4 | Received a gift from Yredelemnul (a skeletal warrior)
 57584 | Depths:4 | Found a transporter.
 57637 | Depths:4 | Reached skill level 21 in Polearms
 57973 | Depths:4 | Found a transporter.
 58101 | Depths:5 | Entered Level 5 of the Depths
 58145 | Depths:5 | Received a gift from Yredelemnul (a ghoul)
 58160 | Depths:5 | Reached skill level 5 in Necromancy
 58160 | Depths:5 | Gained mutation: You frequently emit foul miasma when
                  | damaged in melee. [demonic ancestry]
 58160 | Depths:5 | Reached XP level 25. HP: 186/194 MP: 35/35
 58281 | Depths:5 | Noticed a juggernaut
 58290 | Depths:5 | Killed a juggernaut
 58312 | Depths:5 | Found a gateway to a ziggurat.
 58594 | Depths:5 | Noticed Louise
 58610 | Depths:5 | Killed Louise
 58613 | Depths:5 | Noticed a juggernaut
 58623 | Depths:5 | Killed a juggernaut
 58628 | Depths:5 | Received a gift from Yredelemnul (a vampire knight)
 58809 | Depths:5 | Reached skill level 22 in Polearms
 58828 | Depths:5 | Found a gate to the Realm of Zot.
 59368 | Hell     | Entered the Vestibule of Hell
 59368 | Hell     | Noticed Geryon
 59543 | Depths:5 | Received a gift from Yredelemnul (a vampire)
 60179 | Hell     | Found a gateway to the decaying netherworld of Tartarus.
 60224 | Tar:1    | Entered Level 1 of Tartarus
 60231 | Tar:1    | Received a gift from Yredelemnul (a skeletal warrior)
 60309 | Hell     | Received a gift from Yredelemnul (a profane servitor)
 60630 | Hell     | Killed Geryon
 60981 | Hell     | Received a gift from Yredelemnul (a phantasmal warrior)
 61083 | Hell     | Found a gateway to the Iron City of Dis.
 61127 | Hell     | Gained mutation: Your magical and physical power is greatly
                  | enhanced at high health. [demonic ancestry]
 61127 | Hell     | Reached XP level 26. HP: 182/201 MP: 35/35
 61135 | Hell     | Received a gift from Yredelemnul (a vampire knight)
 61137 | Hell     | Found a gateway to the ashen valley of Gehenna.
 61265 | Hell     | Found a gateway to the freezing wastes of Cocytus.
 61616 | Vaults:5 | Entered Level 5 of the Vaults
 61619 | Vaults:5 | Reached skill level 23 in Polearms
 61624 | Vaults:5 | Received a gift from Yredelemnul (a ghoul)
 61636 | Vaults:5 | Received a gift from Yredelemnul (a vampire knight)
 61728 | Vaults:5 | Got a twitching garnet amulet
 61729 | Vaults:5 | Identified the amulet "Ynunul" {Faith rElec Str+4} (You
                  | found it on level 5 of the Vaults)
 61744 | Vaults:5 | Received a gift from Yredelemnul (a profane servitor)
 61902 | Vaults:5 | Received a gift from Yredelemnul (a profane servitor)
 62261 | Vaults:5 | Got a silver rune of Zot
 62327 | Vaults:5 | Your ally Nikola died
 62399 | Vaults:5 | Reached skill level 10 in Evocations
 62432 | Vaults:5 | Found Zoxkiona's Weapon Boutique.
 62432 | Vaults:5 | Found Woisoomp's Assorted Antiques.
 62441 | Vaults:5 | Bought a scroll of fear for 115 gold pieces
 62441 | Vaults:5 | Bought a scroll of teleportation for 99 gold pieces
 62441 | Vaults:5 | Bought a potion of curing for 99 gold pieces
 62441 | Vaults:5 | Bought a scroll of magic mapping for 115 gold pieces
 63159 | Tomb:1   | Entered Level 1 of the Tomb of the Ancients
 63180 | Tomb:1   | Received a gift from Yredelemnul (a flayed ghost)
 64427 | Tomb:1   | Received a gift from Yredelemnul (a skeletal warrior)
 64467 | Tomb:1   | Noticed a greater mummy
 64477 | Tomb:1   | Killed a greater mummy
 64784 | Tomb:1   | Noticed a greater mummy
 64792 | Tomb:1   | Received a gift from Yredelemnul (a skeletal warrior)
 64806 | Tomb:1   | Killed a greater mummy
 65090 | Tomb:1   | Received a gift from Yredelemnul (a vampire)
 65709 | Dis:1    | Entered Level 1 of the Iron City of Dis
 66387 | Dis:6    | Reached XP level 27. HP: 188/211 MP: 35/35
 66427 | Dis:6    | Received a gift from Yredelemnul (a profane servitor)
 66864 | Dis:2    | Learned a level 1 spell: Apportation
 66868 | Dis:2    | Learned a level 3 spell: Regeneration
 66924 | Dis:3    | Received a gift from Yredelemnul (a vampire)
 67182 | Dis:7    | Entered Level 7 of the Iron City of Dis
 67195 | Dis:7    | Received a gift from Yredelemnul (a vampire)
 67523 | Dis:7    | Received a gift from Yredelemnul (a ghoul)
 67649 | Dis:7    | Received a gift from Yredelemnul (a profane servitor)
 67797 | Dis:7    | Received a gift from Yredelemnul (a ghoul)
 67989 | Dis:7    | Received a gift from Yredelemnul (a flayed ghost)
 68227 | Dis:7    | Received a gift from Yredelemnul (a vampire)
 68386 | Dis:7    | Reached skill level 24 in Polearms
 68432 | Dis:7    | Received a gift from Yredelemnul (a skeletal warrior)
 68546 | Dis:7    | Received a gift from Yredelemnul (a skeletal warrior)
 68661 | Dis:7    | Lost mutation: You possess an exceptional clarity of mind.
                  | [mutagenic glow]
 68697 | Dis:7    | Gained mutation: Your magical capacity is low. (-10% MP)
                  | [mutagenic glow]
 68725 | Dis:7    | Gained mutation: Your body sometimes deteriorates upon
                  | taking damage. [mutagenic glow]
 68804 | Dis:7    | Received a gift from Yredelemnul (a flayed ghost)
 68867 | Dis:7    | Identified the Reference Book on Frigorific Poisoning
 69054 | Dis:7    | Noticed the Serpent of Hell
 69103 | Dis:7    | Killed the Serpent of Hell
 69103 | Dis:7    | Enslaved the Serpent of Hell
 69177 | Dis:7    | Noticed Dispater
 69230 | Dis:7    | HP: 7/230 [Ice Fiend/bolt of cold[Dispater] (5)]
 69231 | Dis:7    | HP: 1/230 [Hell Sentinel/damnation[Dispater] (31)]
 69231 | Dis:7    | Killed from afar by an Ice Fiend

Vault maps used:
D:1:      dpeg_arrival_morbid_curiosity, hangedman_decor_slide_cut,
          minmay_lizard_king
D:3:      nicolae_ru_path_of_blood
D:4:      kiku_gazebo_pond_becter, lemuel_blue_sif_altar,
          nicolae_tso_carved_into_rock, lightli_temple_of_fire,
          minmay_temple_entry_water_ring, first_ration, minmay_misc_feat_square
D:5:      serial_shops, kennysheep_little_box
D:6:      serial_shops, nicolae_shop_behind_doors, basic_altar
D:7:      hangedman_feature_mirror
D:8:      lemuel_doored_altar, bloody_trog, overflow_temple_1_default,
          serial_shops, shop, ebering_ghost_rock_garden, uniq_erica
D:9:      kennysheep_mini_moat, grunt_temple_overflow_open, erik_orc_4,
          water_boxes_lemuel
D:10:     dpeg_oklobed_lair, uniq_nergalle
D:11:     serial_shops, shop, uniq_erolcha, uniq_snorg
D:12:     minmay_open_boxes_in_corner, basic_altar, special_room
D:13:     david_vaults_5, uniq_josephine
D:14:     amethyst_killhole, serial_shops, shop_fountains,
          nicolae_shop_overgrown_old_shop, enter_bailey_3
D:15:     hangedman_depths_entry_try_elsewhere_first, serial_shops,
          shop_fountains, minmay_curled_crystal
Temple:   minmay_temple_bridge_abc
Lair:1:   portal_ice_cave_demonic_guard, grunt_megastairs_4
Lair:2:   nicolae_volcano_entry_two_sided
Lair:3:   spider_nest_entry_funnel_web, minmay_lair_oklob_chamber
Lair:4:   nicolae_swamp_entry_splash_gauntlet
Lair:5:   dpeg_slime_entry_enclosed_altar, nicolae_quartered_pool_medium,
          fungi_pond_lemuel, infiniplex_staircase_pool, grunt_megastairs_3,
          uniq_sonja
Lair:6:   minmay_lair_end_frog_pond, roderic_batcave,
          infiniplex_staircase_pool_2, serial_bayou_shore_a
Swamp:1:  hangedman_swamp_ruin_wall
Swamp:2:  evilmike_swamp_ruin_house_3
Swamp:3:  nicolae_swamp_dense_foliage
Swamp:4:  swamp_vile, swamp_pool2
Spider:2: uniq_agnes
Spider:3: nicolae_spider_mines_1, nicolae_spider_cling_halls
Spider:4: grunt_spider_rune_parallel, uniq_nikola, uniq_arachne
Orc:2:    st_orc_rangers, hangedman_minor_magic
Elf:1:    minmay_elf_arrival_circle, kennysheep_underground_church
Elf:2:    serial_shops, shop_statue
Elf:3:    grunt_elf_hall_diamonds, serial_co_window_serial, co_window_paths_b,
          co_window_corner_a, co_window_paths_b, co_window_paths_b,
          co_window_paths_b, co_window_corner_b, co_window_paths_c,
          co_window_corner_cb, co_window_of_opportunity_b, co_window_2corner,
          glass_columns_a, glass_columns_c, glass_columns_b, glass_columns_a,
          basic_altar
Vaults:1: nicolae_vaults_what_the_h, st_quartered_hall, vaults_dpeg_hooks,
          vaults_dpeg_ring, nicolae_vaults_big_ls, v_pattern_5,
          nicolae_vaults_inception_scallops, nicolae_vaults_circle_grid_a,
          vaults_dpeg_encased_lava
Vaults:2: vaults_room_hallway, v_misc_28, v_rooms_4, v_alt_pattern_2,
          minmay_crypt_entry_necro_gods, v_misc_33, vaults_standard_mumra_x,
          v_misc_31, ontoclasm_vaults_pinch, serial_ice_h, uniq_mennas
Vaults:3: ontoclasm_vaults_shuriken, nicolae_vaults_halls_meeting,
          hangedman_vaults_nodes, hangedman_vaults_river_flow,
          vaults_room_stairs_pillars, vaults_mumra_hex,
          nicolae_vaults_yaktaur_gun_rack, nicolae_vaults_network_square,
          v_alt_pattern_5, vaults_mumra_lcd, ontoclasm_vaults_idyll,
          ontoclasm_vaults_claustrophobia, uniq_mara
Vaults:4: v_misc_23, v_rooms_4, nicolae_vaults_diagonal_hallway_7,
          grunt_vaults_bifocal, st_diamondy, ontoclasm_vaults_ring_square,
          hangedman_vaults_slither, ontoclasm_vaults_ring_small, v_misc_13,
          ontoclasm_vaults_spin, ontoclasm_vaults_hangar, grunt_vaults_funnel,
          vaults_room_door_ring, nicolae_vaults_theta, vaults_room_hallway,
          vaults_room_stairs_pillars
Vaults:5: serial_shops
Crypt:1:  hangedman_screamer, st_vampire_maze, grunt_crypt_arrival_webbed,
          uniq_aizul
Crypt:3:  grunt_crypt_end_deaths_head, uniq_xtahua
Depths:1: grunt_hell_entry_dis_old, minmay_acid_items
Depths:2: grunt_twisty_corner, serial_shops, nicolae_shop_behind_doors,
          hell_entry, grunt_decor_cap, firewood_loft,
          roderic_lattice_octagonal_star
Depths:3: lemuel_river_lethe, abyss_entry, pan_entry, hell_entry
Depths:4: gammafunk_jiyva_shrine, grunt_mini_vestibule,
          abyss_entry_small_statue_room, serial_sigils_hangedman_confine,
          minmay_misc_feat_roman, lemuel_nasty_fountain, serial_bayou_shore_b,
          minmay_staircase_bubble
Depths:5: grunt_crosshair, enter_ziggurat_d,
          nicolae_abyss_entry_one_way_or_another, serial_sigils,
          serial_sigils_hangedman_leer, serial_sigils_hangedman_stare,
          serial_sigils_hangedman_carve, serial_sigils_hangedman_shear,
          serial_sigils_hangedman_clutch, serial_sigils_hangedman_scratch,
          hell_entry
Dis:5:    grunt_dis_stairs_iron_hall
Dis:7:    iron_city_of_dis
Abyss:4:  hangedman_abyss_or_decor_passed, minivault_23,
          evilmike_abyss_rune_elephants_shrine, evilmike_abyss_exit_11
Bailey:   bailey_polearm_1, bailey
IceCv:    ice_cave_tombish
Volcano:  volcano_grotto

Skill      XL: |  1  2  3  4  5  6  7  8  9 10 11 12 13 14 15 16 17 18 19 20 21 22 23 24 25 26 27 |
---------------+----------------------------------------------------------------------------------+-----
Polearms       | 2 3 4 5 7 8 10 11 12 13 14 15 16 17 18 19 20 21 22 23 24 | 24.2
Armour         | 3 4 5 6 7 8 10 12 13 15 16 17 18 19 | 19.9
Shields        | 3 4 5 6 7 8 10 11 12 13 15 | 15.5
Slings         | 1 2 |  2.1
Invocations    | 2 4 6 9 10 12 14 16 17 19 | 19.8
Evocations     | 1 3 4 5 7 8 10 | 10.0
Fighting       | 4 5 6 8 9 10 11 13 14 15 16 17 | 17.6
Stealth        | 2 5 |  5.0
Spellcasting   | 2 3 5 6 |  6.7
Dodging        | 3 5 8 |  8.0
Throwing       | 3 |  3.6
Translocations | 4 |  4.0
Necromancy     | 3 5 |  5.1

Action                   |  1- 3 |  4- 6 |  7- 9 | 10-12 | 13-15 | 16-18 | 19-21 | 22-24 | 25-27 || total
-------------------------+-------+-------+-------+-------+-------+-------+-------+-------+-------++-------
Melee: Trident           |   163 |   163 |   547 |  1094 |  1221 |  1166 |  1014 |       |       ||  5368
       Kick              |       |    34 |   145 |   306 |   346 |   357 |   570 |   239 |   605 ||  2602
       Demon trident     |       |       |       |       |       |       |   624 |   772 |  1664 ||  3060
 Fire: Hunting sling     |       |       |    12 |    23 |     4 |       |       |       |       ||    39
Throw: Javelin           |       |       |       |     7 |     1 |       |       |       |       ||     8
Invok: Animate Remains   |       |       |    13 |    12 |       |       |       |       |       ||    25
       Injury Mirror     |       |       |     2 |       |       |       |     1 |       |     1 ||     4
       Recall Undead Sla |       |       |     1 |     1 |    13 |    20 |     8 |       |     8 ||    51
       Animate Dead      |       |       |       |    29 |    59 |    51 |    36 |    25 |    50 ||   250
       Drain Life        |       |       |       |     1 |    16 |    12 |     8 |     4 |     9 ||    50
       Enslave Soul      |       |       |       |       |     2 |     1 |       |       |     1 ||     4
       Stop Recall       |       |       |       |       |       |     1 |       |       |       ||     1
 Abil: Blink             |       |       |       |       |       |       |     3 |       |       ||     3
Evoke: Wand              |       |     2 |     9 |    18 |     2 |    16 |     6 |    14 |       ||    67
  Use: Scroll            |     3 |     4 |     7 |    13 |    16 |     9 |    12 |     4 |     5 ||    73
       Potion            |     1 |     1 |     3 |     3 |     2 |     4 |     1 |     7 |     8 ||    30
 Stab: Distracted        |       |       |       |     6 |    16 |    26 |    21 |     7 |    30 ||   106
       Paralysed         |       |       |       |       |     1 |       |    11 |       |       ||    12
  Eat: Chunk             |     2 |     6 |    22 |    29 |    59 |    44 |    32 |    15 |    13 ||   222
       Ration            |       |       |     2 |     4 |     2 |     3 |     5 |     3 |    13 ||    32
Armor: Scale mail        |    69 |    41 |       |       |       |       |       |       |       ||   110
       Ring mail         |       |       |    48 |       |       |       |       |       |       ||    48
       Chain mail        |       |       |    87 |   185 |    19 |       |       |       |       ||   291
       Gold dragon scale |       |       |       |       |   276 |   346 |   340 |   161 |   362 ||  1485
Dodge: Dodged            |    55 |    41 |   113 |   149 |   136 |   188 |   248 |   105 |   273 ||  1308
       Deflected         |       |       |       |       |    19 |    12 |    37 |     9 |    19 ||    96
Block: Shield            |    67 |    68 |   228 |   430 |   578 |   536 |   733 |   292 |   565 ||  3497
       Reflection        |       |       |       |    12 |    83 |    41 |    85 |    27 |    21 ||   269

Table legend:
 A = Non-vault XP
 B = Vault XP
 C = Vault XP percentage of total XP
 D = Non-vault monster count
 E = Vault monster count
 F = Vault count percentage of total count
                 A         B        C        D         E       F
            +---------+---------+-------+---------+---------+-------
      Total |  688265 |  689526 |  50.0 |    1762 |    1198 |  40.5
            +---------+---------+-------+---------+---------+-------
        D:1 |      36 |      16 |  30.8 |      12 |      10 |  45.5
        D:2 |     116 |       0 |   0.0 |      32 |       0 |   0.0
        D:3 |     460 |       0 |   0.0 |      20 |       0 |   0.0
        D:4 |     392 |       0 |   0.0 |      15 |       0 |   0.0
        D:5 |     553 |       0 |   0.0 |      15 |       0 |   0.0
        D:6 |     645 |       0 |   0.0 |      24 |       0 |   0.0
        D:7 |     865 |       0 |   0.0 |      29 |       0 |   0.0
        D:8 |    1945 |    1766 |  47.6 |      26 |       2 |   7.1
        D:9 |    2491 |     470 |  15.9 |      32 |      16 |  33.3
       D:10 |    4072 |    1472 |  26.6 |      48 |       2 |   4.0
       D:11 |    2164 |    1189 |  35.5 |      14 |       2 |  12.5
       D:12 |    4321 |    4083 |  48.6 |      30 |      34 |  53.1
       D:13 |    6235 |    2638 |  29.7 |      24 |       5 |  17.2
       D:14 |    7240 |       6 |   0.1 |      34 |       4 |  10.5
       D:15 |    4738 |    2253 |  32.2 |      22 |       4 |  15.4
     Lair:1 |    1212 |    1211 |  50.0 |       5 |       4 |  44.4
     Lair:2 |    4107 |       0 |   0.0 |      20 |       0 |   0.0
     Lair:3 |    1656 |    1017 |  38.0 |      11 |       7 |  38.9
     Lair:4 |    7713 |     921 |  10.7 |      29 |       5 |  14.7
     Lair:5 |    7615 |     834 |   9.9 |      30 |       2 |   6.2
     Lair:6 |   11771 |   10264 |  46.6 |      43 |      60 |  58.3
    Swamp:1 |   11303 |       0 |   0.0 |      40 |       0 |   0.0
    Swamp:2 |    7388 |       0 |   0.0 |      34 |       0 |   0.0
    Swamp:3 |    8234 |       0 |   0.0 |      34 |       0 |   0.0
    Swamp:4 |    9993 |   12530 |  55.6 |      38 |      29 |  43.3
   Spider:1 |   10089 |       0 |   0.0 |      31 |       0 |   0.0
   Spider:2 |   14799 |    1537 |   9.4 |      53 |       1 |   1.9
   Spider:3 |   12179 |    1551 |  11.3 |      41 |       7 |  14.6
   Spider:4 |    7917 |   19611 |  71.2 |      33 |      52 |  61.2
      Orc:1 |    5060 |       0 |   0.0 |      43 |       0 |   0.0
      Orc:2 |    4267 |    6803 |  61.5 |      29 |      56 |  65.9
      Elf:1 |   18542 |    3904 |  17.4 |      38 |      10 |  20.8
      Elf:2 |    9481 |   13785 |  59.2 |      17 |      30 |  63.8
      Elf:3 |    8289 |   24242 |  74.5 |      16 |      29 |  64.4
   Vaults:1 |   15684 |   37260 |  70.4 |      30 |      66 |  68.8
   Vaults:2 |   25742 |   18256 |  41.5 |      51 |      25 |  32.9
   Vaults:3 |   19000 |   22995 |  54.8 |      44 |      35 |  44.3
   Vaults:4 |   20068 |   19573 |  49.4 |      25 |      28 |  52.8
   Vaults:5 |   31376 |   75674 |  70.7 |      66 |      73 |  52.5
    Crypt:1 |   13581 |   21250 |  61.0 |      24 |      45 |  65.2
    Crypt:2 |   20925 |       0 |   0.0 |      30 |       0 |   0.0
    Crypt:3 |       0 |   63236 | 100.0 |       0 |     127 | 100.0
     Tomb:1 |   13867 |   36648 |  72.5 |      48 |      43 |  47.3
   Depths:1 |   20417 |       0 |   0.0 |      32 |       0 |   0.0
   Depths:2 |   59489 |   77053 |  56.4 |      86 |      69 |  44.5
   Depths:3 |    1550 |   58193 |  97.4 |       2 |     114 |  98.3
   Depths:4 |   40845 |    4258 |   9.4 |      46 |       5 |   9.8
   Depths:5 |   47844 |   22456 |  31.9 |      49 |      18 |  26.9
       Hell |   24713 |   34409 |  58.2 |      37 |      65 |  63.7
      Dis:1 |    2647 |       0 |   0.0 |       5 |       0 |   0.0
      Dis:2 |    8514 |       0 |   0.0 |      29 |       0 |   0.0
      Dis:3 |   10655 |       0 |   0.0 |      24 |       0 |   0.0
      Dis:4 |    3491 |       0 |   0.0 |       7 |       0 |   0.0
      Dis:5 |    7493 |       0 |   0.0 |      13 |       0 |   0.0
      Dis:6 |   23245 |       0 |   0.0 |      41 |       0 |   0.0
      Dis:7 |   73311 |   76725 |  51.1 |     107 |      62 |  36.7
      Tar:1 |    2334 |       0 |   0.0 |       3 |       0 |   0.0
    Abyss:4 |    3586 |       0 |   0.0 |       1 |       0 |   0.0
     Bailey |       0 |     293 | 100.0 |       0 |      11 | 100.0
      IceCv |       0 |    4403 | 100.0 |       0 |      21 | 100.0
    Volcano |       0 |    4741 | 100.0 |       0 |      20 | 100.0
            +---------+---------+-------+---------+---------+-------
